 Dungeon Crawl Stone Soup version 0.31-a0-214-gb37851dbb3 (webtiles) character file.

Game seed: 2448353626165525629

333 qw the Shooter (level 6, -2/52 HPs)
             Began as a Minotaur Hexslinger on July 1, 2023.
             Succumbed to an adder's poison
             ... on level 4 of the Dungeon.
             The game lasted 00:01:18 (3009 turns).

qw the Shooter (Minotaur Hexslinger)                Turns: 3009, Time: 00:01:18

Health: -2/52      AC:  6    Str: 12    XL:     6   Next: 27%
Magic:  6/6        EV: 11    Int: 10    God:
Gold:   137        SH:  0    Dex: 15    Spells: 6/7 levels left

rFire   . . .        Y - +1 sling
rCold   . . .        (no shield)
rNeg    . . .        i - +0 ring mail
rPois   .            (helmet restricted)
rElec   .            (no cloak)
rCorr   .            (no gloves)
SInv    .            c - +0 pair of boots
Will    .....        (no amulet)
Stlth   +            (no ring)
HPRegen 0.28/turn    (no ring)
MPRegen 0.10/turn

%: no passive effects
@: lethally poisoned (-2 -> -14)
A: horns 2, retaliatory headbutt
a: no special abilities


You were on level 4 of the Dungeon.
You visited 1 branch of the dungeon, and saw 4 of its levels.

You collected 222 gold pieces.
You spent 85 gold pieces at shops.


Innate Abilities, Weirdness & Mutations

You have a pair of horns on your head.
You reflexively headbutt those who attack you in melee.


   Skills:
 - Level 4.0 Fighting
 + Level 6.0 Ranged Weapons
 - Level 2.0 Armour
 - Level 2.1 Dodging
 - Level 1.0 Spellcasting
 - Level 2.0 Hexes


You had 6 spell levels left.
You knew the following spells:

 Your Spells              Type           Power      Damage    Failure   Level
a - Slow                  Hex            16%        N/A       32%         1

Your spell library contained the following spells:

 Spells                   Type           Power      Damage    Failure   Level
 Inner Flame              Hex/Fire       2%         N/A       83%         3
 Portal Projectile        Hex/Tloc       4%         N/A       83%         3
 Cause Fear               Hex            2%         N/A       97%         4

Inventory:

Hand Weapons
 Y - a +1 sling (weapon)
Armour
 b - the +2 leather armour of the Invisible Hand {Harm rElec Str-4 Stlth+}
   (You found it on level 2 of the Dungeon)

   Str:       It affects your strength (-4).
   rElec:     It insulates you from electricity.
   Harm:      It increases damage dealt and taken.
   Stlth:     It makes you more stealthy.
 c - a +0 pair of boots (worn)
 i - a +0 ring mail (worn)
Scrolls
 f - 2 scrolls of identify
 l - a scroll of enchant armour {unknown}
Potions
 a - a potion of magic {unknown}
 d - a potion of ambrosia {unknown}
 e - a potion of mutation {unknown}
 g - a potion of curing
 h - a potion of attraction {unknown}
 j - a potion of might {unknown}
 k - a potion of berserk rage {unknown}

Dungeon Overview and Level Annotations

Branches:
Dungeon (4/15)
 Temple: D:4-7

Altars:

Shops:
D:3 [

Annotations:
D:3 2 transporters, qw's ghost, amateur GrHs


Message History

You shoot a sling bullet. The sling bullet hits the iguana.
The iguana is almost dead.
The iguana bites you!
You shoot a sling bullet. The sling bullet hits the iguana.
You kill the iguana!
The adder bites you.
You are poisoned.
The adder poisons you!
Your Fighting skill increases to level 4!
You shoot a sling bullet.
The sling bullet closely misses the adder.
You feel sick. The adder misses you.
You shoot a sling bullet.
The sling bullet hits the adder but does no damage.
You feel sick. The adder completely misses you. The adder misses you.
You shoot a sling bullet.
The sling bullet closely misses the adder.
You feel sick. The adder bites you but does no damage.
The adder closely misses you. You furiously retaliate!
You headbutt the adder. You shoot a sling bullet.
The sling bullet hits the adder.
The adder is moderately wounded.
You feel sick.
You are no longer poisoned.
The adder bites you but does no damage.
You shoot a sling bullet.
The sling bullet closely misses the adder.
The adder barely misses you. The adder bites you but does no damage.
You shoot a sling bullet. The sling bullet hits the adder.
The adder is heavily wounded.
The adder bites you.
You shoot a sling bullet.
The sling bullet completely misses the adder.
The adder bites you.
You are lethally poisoned!
The adder poisons you! The adder bites you.
You are more poisoned.
The adder poisons you!
You shoot a sling bullet. The sling bullet hits the adder.
The adder is heavily wounded.
You die...

.. ..... ##....#
### ..... #.#..# #
...## #.##.### ####
##### #......#
#..###....
#......####..#.....
##..........[#.....
#.....####..#.....
#.##### #####....
#@# ##... #..S.#
#### .....#### ....
#.. ##


You could see an adder.

Vanquished Creatures
  A scorpion (D:4)
  An orc priest (D:4)
  Terence (D:2)
  2 iguanas (D:4)
  A sleepcap (D:4)
  3 adders
  4 worms
  4 dart slugs
  7 orcs (D:4)
  6 ball pythons
  7 bats
  11 endoplasms
  6 giant cockroaches
  9 goblins
  5 hobgoblins
  4 jackals (D:1)
  5 kobolds
  A quokka (D:3)
  4 frilled lizards
  4 rats
86 creatures vanquished.

Notes
Turn   | Place    | Note
-------+----------+-------------------------------------------
     0 | D:1      | qw the Minotaur Hexslinger began the quest for the Orb.
     0 | D:1      | Reached XP level 1. HP: 16/16 MP: 1/1
     0 | D:1      | 0 ||| qw: Version: 0.3-a-32-g5962c71
     0 | D:1      | 0 ||| qw: Game counter: 7613
     0 | D:1      | 0 ||| qw: Melee chars always use a shield: true
     0 | D:1      | 0 ||| qw: God list: Okawaru
     0 | D:1      | 0 ||| qw: Allow faded altars: false
     0 | D:1      | 0 ||| qw: Do Orc after clearing Dungeon:15 true
     0 | D:1      | 0 ||| qw: Do second Lair branch before Depths: true
     0 | D:1      | 0 ||| qw: Lair rune preference: random
     0 | D:1      | 0 ||| qw: Goals: Normal
     0 | D:1      | 0 ||| PLANNING D:1-11
   112 | D:1      | Reached skill level 3 in Ranged Weapons
   112 | D:1      | Reached XP level 2. HP: 23/23 MP: 2/2
   470 | D:1      | Reached XP level 3. HP: 28/29 MP: 3/3
   642 | D:1      | 642 ||| READING scroll labelled LAEQUO ISEORU.
   643 | D:1      | 643 ||| READING scroll labelled QOHAOCV ESARUT.
   644 | D:1      | 644 ||| READING 2 scrolls labelled BUFANA NIZXU.
   645 | D:1      | 645 ||| DROPPING scroll of poison.
   709 | D:2      | Reached skill level 4 in Ranged Weapons
   917 | D:2      | Identified the +2 leather armour of the Invisible Hand
                  | {Harm rElec Str-4 Stlth+}
  1021 | D:2      | HP: 1/29 [worm (10)]
  1206 | D:2      | Reached XP level 4. HP: 32/36 MP: 4/4
  1301 | D:2      | Noticed Terence
  1309 | D:2      | Killed Terence
  1310 | D:2      | Reached skill level 5 in Ranged Weapons
  1532 | D:2      | 1532 ||| UPGRADING to +0 leather armour.
  1542 | D:2      | 1542 ||| DROPPING +0 robe.
  1543 | D:2      | 1543 ||| READING scroll labelled QOSSOG ZADOMI.
  1547 | D:2      | 1547 ||| DRINKING 2 murky yellow potions.
  1568 | D:3      | Found Onguawug's Armour Boutique.
  1586 | D:3      | 1586 ||| BUYING +0 pair of boots (45 gold).
  1586 | D:3      | Bought a +0 pair of boots for 45 gold pieces
  1586 | D:3      | 1586 ||| BUYING +0 ring mail (40 gold).
  1586 | D:3      | Bought a +0 ring mail for 40 gold pieces
  1586 | D:3      | 1586 ||| SHOPLISTING +2 robe of cold resistance (177 gold,
                  | have 9).
  1826 | D:3      | Reached skill level 3 in Fighting
  1915 | D:3      | Identified the +0 spear "Qiod" {venom, +Blink rC+ rN+
                  | Dex+2}
  1968 | D:3      | Found a transporter.
  1968 | D:3      | Found a transporter.
  1998 | D:3      | Noticed qw's ghost (amateur GrHs)
  2120 | D:3      | 2120 ||| UPGRADING to +0 pair of boots.
  2125 | D:3      | 2125 ||| UPGRADING to +0 ring mail.
  2135 | D:3      | 2135 ||| DROPPING +0 leather armour.
  2136 | D:3      | 2136 ||| READING scroll labelled BAEK TIQOAPRUH.
  2272 | D:4      | Reached XP level 5. HP: 45/45 MP: 5/5
  2430 | D:4      | 2430 ||| FLEEEEING.
  2440 | D:4      | Reached skill level 6 in Ranged Weapons
  2446 | D:4      | HP: 9/45 [orc/+0 hand axe (4)]
  2447 | D:4      | Reached XP level 6. HP: 10/51 MP: 6/6
  2452 | D:4      | HP: 7/51 [orc/+0 hand axe (5)]
  2494 | D:4      | 2494 ||| FLEEEEING.
  2495 | D:4      | 2495 ||| FLEEEEING.
  2496 | D:4      | 2496 ||| FLEEEEING.
  2497 | D:4      | 2497 ||| FLEEEEING.
  2498 | D:4      | 2498 ||| FLEEEEING.
  2499 | D:4      | 2499 ||| FLEEEEING.
  2500 | D:4      | 2500 ||| FLEEEEING.
  2501 | D:4      | 2501 ||| FLEEEEING.
  2506 | D:4      | 2506 ||| FLEEEEING.
  2507 | D:4      | 2507 ||| FLEEEEING.
  2508 | D:4      | 2508 ||| FLEEEEING.
  2509 | D:4      | 2509 ||| FLEEEEING.
  2510 | D:4      | 2510 ||| FLEEEEING.
  2511 | D:4      | 2511 ||| FLEEEEING.
  2512 | D:4      | 2512 ||| FLEEEEING.
  2513 | D:4      | 2513 ||| FLEEEEING.
  2514 | D:4      | 2514 ||| STAIRDANCE
  2640 | D:4      | 2640 ||| STAIRDANCE
  3001 | D:4      | HP: 13/52 [adder (1)]
  3007 | D:4      | HP: 7/52 [adder (2)]
  3008 | D:4      | HP: 2/52 [adder (3)]
  3009 | D:4      | Succumbed to an adder's poison

Levels and vault maps discovered:
D:1:      minmay_arrival_jagged, layout_basic
D:2:      layout_basic, uniq_terence
D:3:      layout_loops_ring, gammafunk_ghost_gnarly_gnolls, serial_shops, shop
D:4:      layout_rooms, serial_curves, eino_curves_02, eino_curves_04,
          corexii_leaking_fountain, dreamdust_princess_bridge,
          kennysheep_nondescript

Skill      XL: |  1  2  3  4  5  6 |
---------------+-------------------+-----
Ranged Weapons | 3 4 5 6 |  6.0
Fighting       | 2 3 4 |  4.0
Armour         | 2 |  2.0
Dodging        | |  2.1
Spellcasting   | |  1.0
Hexes          | |  2.0

Action                     |  1- 3 |  4- 6 || total
---------------------------+-------+-------++-------
   Fire: Sling             |   134 |   172 ||   306
    Use: Scroll            |     3 |     2 ||     5
         Potion            |       |     1 ||     1
 Armour: Robe              |    13 |       ||    13
         Leather armour    |       |     6 ||     6
         Ring mail         |       |    23 ||    23
  Dodge: Dodged            |    24 |    72 ||    96

Table legend:
 A = Non-vault XP
 B = Vault XP
 C = Vault XP percentage of total XP
 D = Non-vault monster count
 E = Vault monster count
 F = Vault count percentage of total count
                 A         B        C        D         E       F
            +---------+---------+-------+---------+---------+-------
      Total |     440 |      36 |   7.6 |      85 |       1 |   1.2
            +---------+---------+-------+---------+---------+-------
        D:1 |      53 |       0 |   0.0 |      30 |       0 |   0.0
        D:2 |      49 |      36 |  42.4 |      16 |       1 |   5.9
        D:3 |      60 |       0 |   0.0 |      19 |       0 |   0.0
        D:4 |     278 |       0 |   0.0 |      20 |       0 |   0.0
            +---------+---------+-------+---------+---------+-------
